 Dungeon Crawl Stone Soup version 0.30-a0-347-gf58ed5266c (webtiles) character file.

Game seed: 2798398757094066871

116 HoaS the Skirmisher (level 5, 0/30 HPs)
             Began as a Kobold Hunter on Nov 6, 2022.
             Slain by a river rat (3 damage)
             ... on level 3 of the Dungeon.
             The game lasted 00:03:30 (1948 turns).

HoaS the Skirmisher (Kobold Hunter)                 Turns: 1948, Time: 00:03:31

Health: 0/30       AC:  4    Str:  9    XL:     5   Next: 20%
Magic:  5/5        EV: 14    Int: 10    God:
Gold:   22         SH:  0    Dex: 20    Spells: 4/4 levels left

rFire   . . .      SeeInvis .    a - +0 shortbow
rCold   . . .      Faith    .    (shield currently unavailable)
rNeg    . . .      Spirit   .    c - +0 leather armour
rPois   .          Reflect  .    (no helmet)
rElec   .          Harm     .    (no cloak)
rCorr   .          Rampage  .    h - +0 pair of gloves
Will    .....                    (no boots)
Stlth   +++.......               (no amulet)
HPRegen 0.25/turn                (no ring)
MPRegen 0.09/turn                (no ring)

@: no status effects
A: small, no large weapons, nightstalker 3
a: no special abilities


You were on level 3 of the Dungeon.
You visited 1 branch of the dungeon, and saw 3 of its levels.

You collected 85 gold pieces.
You spent 63 gold pieces at shops.

Inventory:

Hand Weapons
 a - a +0 shortbow (weapon)
Missiles
 g - a throwing net
Armour
 c - a +0 leather armour (worn)
 h - a +0 pair of gloves (worn)
Scrolls
 b - a scroll of immolation
 d - 2 scrolls of identify
Potions
 f - a potion of attraction


   Skills:
 - Level 2.1 Fighting
 + Level 8.1 Ranged Weapons
 - Level 2.4 Dodging
 - Level 1.3 Stealth


You had 4 spell levels left.
You didn't know any spells.
Your spell library contained the following spells:

 Spells                   Type           Power      Damage    Failure   Level
 Olgreb's Toxic Radiance  Pois           0%         N/A       99%         4
 Ozocubu's Refrigeration  Ice            0%         4d7       100%        7
 Ignition                 Fire           0%         3d3       100%        8


Dungeon Overview and Level Annotations

Branches:
Dungeon (3/15)

Altars:

Shops:
D:1 [

Portals:
Sewer: D:3


Innate Abilities, Weirdness & Mutations

You are small and have problems with some larger weapons.
You are completely attuned to the shadows.


Message History

You shoot an arrow. The arrow hits the worm.
The worm is severely wounded.
The bat barely misses you. The worm bites you!
You shoot an arrow. The arrow hits the worm.
You kill the worm!
The bat closely misses you.
You shoot an arrow. The arrow barely misses the river rat.
The bat hits you but does no damage. The river rat bites you.
You shoot an arrow.
The arrow hits the river rat but does no damage.
The bat closely misses you. The river rat barely misses you.
The river rat bites you.
You are too injured to fight recklessly!
You are too injured to fight recklessly!
You are too injured to fight recklessly!
The river rat attacks as you move away! The river rat closely misses you.
The bat barely misses you. The bat misses you. The river rat misses you.
The bat attacks as you move away! The bat closely misses you. The bat hits you.
The bat barely misses you. The river rat barely misses you.
You are too injured to fight recklessly!
You are too injured to fight recklessly!
You are too injured to fight recklessly!
You are too injured to fight recklessly!
You shoot an arrow. The arrow hits the river rat.
The river rat is lightly wounded.
The river rat bites you.
You shoot an arrow. The arrow hits the river rat.
The river rat is heavily wounded.
The river rat closely misses you.
You shoot an arrow. The arrow closely misses the river rat.
The arrow barely misses the bat.
The river rat bites you!
* * * LOW HITPOINT WARNING * * *
You shoot an arrow. The arrow closely misses the river rat.
The arrow misses the bat.
The river rat completely misses you.
You shoot an arrow.
The arrow hits the river rat but does no damage.
The river rat is heavily wounded.
The river rat bites you.
You die...

,,,,,,,,,~,,~,*
,**,**~~~≈≈**.##******
,,,,**~≈~~~##...<,,,,*
*,*,~~,....~~..#****,*
*,*,~~,....~~..####*,* *
*,,,,,,.∩.†~~.....#*,* **
,,,,~~,.~..~~~.##.#*,#**********,
*,*,~~,....~≈..##.##.#*,,,,,,,**,
*,*,**~~~~~##.br@....#*,**,,,,**,
*,,,**~≈~~≈*#.###.###**,**,*,,,,,
***,,,,,..,...# #.# *,*,,,,,,,,
****,***#######.####*,*,*,*,*,,
*,* *.........#,*,*,*,*,, **+**
*.###†###.#,,,,,,,*,* **,,,** *,*
#...#.#**,*..##.# **,,,,,**
*,*##.....# *.##.##.#
**,,,,,,,***,*#......# *,......#


You could see a river rat and a bat.

Vanquished Creatures
  3 adders
  A river rat (D:3)
  3 worms
  A dart slug (D:1)
  5 orcs (D:2)
  2 ball pythons (D:1)
  4 endoplasms (D:1)
  A giant cockroach (D:1)
  7 goblins
  9 hobgoblins
  3 jackals (D:2)
  5 kobolds
  5 quokkas
  4 bats (D:2)
  3 frilled lizards
  2 rats
58 creatures vanquished.

Notes
Turn   | Place    | Note
-------+----------+-------------------------------------------
     0 | D:1      | HoaS the Kobold Hunter began the quest for the Orb.
     0 | D:1      | Reached XP level 1. HP: 12/12 MP: 1/1
    52 | D:1      | Reached XP level 2. HP: 13/17 MP: 2/2
    96 | D:1      | Found Othe's Armour Shop.
   136 | D:1      | Reached skill level 6 in Ranged Weapons
   331 | D:1      | Reached XP level 3. HP: 21/21 MP: 3/3
   781 | D:2      | Reached skill level 7 in Ranged Weapons
   846 | D:2      | Reached XP level 4. HP: 26/26 MP: 4/4
  1793 | D:1      | Bought a +0 pair of gloves for 63 gold pieces
  1916 | D:3      | Reached XP level 5. HP: 30/30 MP: 5/5
  1928 | D:3      | Reached skill level 8 in Ranged Weapons
  1931 | D:3      | Found a glowing drain.
  1948 | D:3      | Slain by a river rat

Illustrated notes

Levels and vault maps discovered:
D:1:      minmay_arrival_four_circles, layout_loops_ring, serial_shops,
          nicolae_shop_behind_doors
D:2:      layout_basic
D:3:      layout_loops_corners, mainiacjoe_overflow_concentric_impassable,
          cheibrodos_sewer_entry_sluice, minmay_starry_boxes, uniq_sigmund

Skill      XL: |  1  2  3  4  5 |
---------------+----------------+-----
Ranged Weapons | 6 7 8 |  8.1
Fighting       | |  2.1
Dodging        | |  2.4
Stealth        | |  1.3

Action                   |  1- 3 |  4- 6 || total
-------------------------+-------+-------++-------
 Fire: Shortbow          |    83 |    98 ||   181
  Use: Scroll            |       |     4 ||     4
       Potion            |       |     1 ||     1
Armor: Leather armour    |     5 |    18 ||    23
Dodge: Dodged            |    25 |    49 ||    74

Table legend: (Time is in decaauts)
 A = Elapsed time spent in this place.
 B = Non-inter-level travel time spent in this place.
 C = Inter-level travel time spent in this place.
 D = Time resting spent in this place.
 E = Time spent auto-exploring this place.
 F = Levels seen in this place.
 G = Mean time per level.
                   A        B        C        D        E       F      G
               +--------+--------+--------+--------+--------+-----+--------+
         Total |   1985 |   1789 |    196 |    177 |   1296 |   3 |  661.7 |
       Dungeon |   1985 |   1789 |    196 |    177 |   1296 |   3 |  661.7 |
               +--------+--------+--------+--------+--------+-----+--------+

Top non-repeatable levels by time:
     D:2: 1041 daAuts
     D:1: 844 daAuts
     D:3: 99 daAuts
